 Dungeon Crawl Stone Soup version 0.21-a0-578-gc6e9d75 (webtiles) character file.

21 slep the Chopper (level 2, -4/22 HPs)
             Began as a Demonspawn Gladiator on Dec 19, 2017.
             Slain by Natasha (6 damage)
             ... on level 2 of the Dungeon.
             The game lasted 00:02:26 (723 turns).

slep the Chopper (Demonspawn Gladiator)              Turns: 723, Time: 00:02:27

Health: -4/22      AC:  4    Str: 14    XL:     2   Next: 65%
Magic:  2/2        EV: 13    Int:  9    God:
Gold:   58         SH:  0    Dex: 14    Spells: 1/1 levels left

rFire    . . .     SeeInvis .   a - +0 war axe
rCold    . . .     Gourm    .   (no shield)
rNeg     . . .     Faith    .   h - +0 leather armour (curse)
rPois    +         Spirit   .   c - +0 helmet
rElec    .         Reflect  .   (no cloak)
rCorr    .         Harm     .   (no gloves)
MR       .....                  (no boots)
Stlth    +.........             (no amulet)
HPRegen  0.07/turn              o - ring of poison resistance
MPRegen  0.08/turn              (no ring)

@: no status effects
A: claws 1
a: no special abilities


You were on level 2 of the Dungeon.
You were not hungry.

You visited 1 branch of the dungeon, and saw 2 of its levels.

You collected 58 gold pieces.

Inventory:

Hand Weapons
 a - a +0 war axe (weapon)
Missiles
 d - 3 throwing nets (quivered)
 j - 26 sling bullets
Armour
 b - a +0 leather armour
 c - a +0 helmet (worn)
 h - a cursed +0 leather armour (worn)
Jewellery
 o - a ring of poison resistance (left claw)
Scrolls
 e - 2 scrolls of immolation {unknown}
 g - a scroll of random uselessness {unknown}
 i - 2 scrolls of identify {unknown}
 k - 2 scrolls of noise {unknown}
 l - 2 scrolls of enchant armour {unknown}
 m - a scroll of teleportation {unknown}
Potions
 n - 2 potions of lignification {unknown}
 p - a potion of curing {unknown}
 q - a potion of might {unknown}
 r - a potion of brilliance {unknown}
Comestibles
 f - 4 rations


   Skills:
 + Level 2.0 Fighting
 + Level 3.2 Axes
 + Level 1.8 Throwing
 + Level 0.2 Armour
 + Level 3.0 Dodging


You had one spell level left.
You didn't know any spells.

Dungeon Overview and Level Annotations

Branches:
Dungeon (2/15)

Altars:

Annotations:
D:2 Natasha


Innate Abilities, Weirdness & Mutations

You have sharp fingernails.


Message History

Your leather armour prevents you from hitting Natasha.
Natasha is lightly wounded.
Natasha barely misses you.
You hit Natasha.
Natasha is moderately wounded.
Natasha completely misses you.
You hit Natasha.
Natasha is severely wounded.
Natasha closely misses you. Natasha claws you!
You hit Natasha but do no damage.
Natasha is severely wounded.
Natasha claws you.
You closely miss Natasha.
Natasha is severely wounded.
Natasha claws you.
* * * LOW HITPOINT WARNING * * *
You hit Natasha.
Natasha is severely wounded.
Natasha claws you but does no damage. Natasha claws you.
You die...

###### # ####
##..... ..##...
.... #?.....###.#
#..........###
#.....h@..)..# .#
.......#####.##.#
....... #.##.#
..#..## #.##.#
..... #.##.# ..#.
#.##.# . #
#.##.#####
#........#
####.###.##


You could see Natasha.

Vanquished Creatures
  A dart slug (D:1)
  5 bats (D:1)
  4 hobgoblins
  4 kobolds (D:1)
  A frilled lizard (D:1)
  3 rats (D:1)
18 creatures vanquished.

Notes
Turn   | Place    | Note
-------+----------+-------------------------------------------
     0 | D:1      | slep the Demonspawn Gladiator began the quest for the Orb.
     0 | D:1      | Reached XP level 1. HP: 16/16 MP: 1/1
   115 | D:1      | Gained mutation: You have sharp fingernails. [demonic ancestry]
   115 | D:1      | Reached XP level 2. HP: 20/22 MP: 2/2
   711 | D:2      | Noticed Natasha
   723 | D:2      | Slain by Natasha

Vault maps used:
D:1:      minmay_arrival_split_and_join
D:2:      lemuel_coloured_pillars_altar, first_ration, minmay_tetromino_l2,
          uniq_jessica, uniq_natasha, uniq_terence, uniq_crazy_yiuf_cottage

Skill      XL: |  1  2 |
---------------+-------+-----
Axes           | 3 |  3.2
Dodging        | 3 |  3.0
Fighting       | |  2.0
Throwing       | |  1.8
Armour         | |  0.2

Action                   || total
-------------------------++-------
Melee: War axe           ||    59
Armor: Leather armour    ||    24
Dodge: Dodged            ||    55

Table legend:
 A = Spawn XP
 B = Non-spawn XP
 C = Spawn XP percentage of total XP
 D = Spawn monster count
 E = Non-spawn monster count
 F = Spawn count percentage of total count
 G = Total turns spent on level
                    A         B        C        D         E        F      G
               +---------+---------+-------+---------+---------+-------+---------
         Total |       0 |      31 |   0.0 |       0 |      18 |   0.0 |   723
               +---------+---------+-------+---------+---------+-------+---------
           D:1 |       0 |      29 |   0.0 |       0 |      17 |   0.0 |   688
           D:2 |       0 |       2 |   0.0 |       0 |       1 |   0.0 |    35
               +---------+---------+-------+---------+---------+-------+---------
